 Dungeon Crawl Stone Soup version 0.26.1-2-gb8aa6d0 (webtiles) character file.

Game seed: 13081804116018428512

33 YoyoCobra the Ruffian (level 3, -6/31 HPs)
             Began as a Ghoul Monk on June 20, 2021.
             Mangled by a scorpion (7 damage)
             ... on level 1 of the Dungeon.
             The game lasted 00:04:31 (1099 turns).

YoyoCobra the Ruffian (Ghoul Monk)                  Turns: 1099, Time: 00:04:32

Health: -6/31      AC:  3    Str: 14    XL:     3   Next: 29%
Magic:  2/2        EV: 13    Int:  5    God:
Gold:   54         SH:  0    Dex: 12    Spells: 2/2 levels left

rFire    . . .     SeeInvis .     - Unarmed
rCold    + . .     Faith    .   (no shield)
rNeg     + + +     Spirit   .   a - +1 robe
rPois    ∞         Reflect  .   (no helmet)
rElec    .         Harm     .   (no cloak)
rCorr    .         Rampage  .   (no gloves)
Will     .....                  (no boots)
Stlth    ++........             (no amulet)
HPRegen  0.00/turn              (no ring)
MPRegen  0.08/turn              (no ring)

@: no status effects
A: claws 1, cold resistance 1, negative energy resistance 3, inhibited
regeneration, torment resistance, unbreathing
a: no special abilities


You were on level 1 of the Dungeon.
You visited 1 branch of the dungeon, and saw 2 of its levels.

You collected 54 gold pieces.

Inventory:

Armour
 a - a +1 robe (worn)
Scrolls
 b - a scroll of amnesia {unknown}
 d - a scroll of remove curse {unknown}
 e - 2 scrolls of identify {unknown}
Potions
 c - a potion of magic {unknown}
 f - a potion of mutation {unknown}


   Skills:
 * Level 3.6 Fighting
 * Level 3.0 Dodging
 * Level 2.5 Stealth
 * Level 4.0 Unarmed Combat


You had 2 spell levels left.
You didn't know any spells.
Your spell library was empty.

Dungeon Overview and Level Annotations

Branches:
Dungeon (2/15)

Altars:

Annotations:
D:1 Robin


Innate Abilities, Weirdness & Mutations

You thrive by killing the living.
You are immune to poison.
You have sharp fingernails.
Your flesh is cold resistant. (rC+)
You are immune to negative energy. (rN+++)
You do not regenerate when monsters are visible.
You are immune to unholy pain and torment.
You can survive without breathing.


Message History

Robin is lightly wounded.
The scorpion stings you!
* * * LOW HITPOINT WARNING * * *
Robin misses you.
You barely miss Robin.
Robin is lightly wounded.
The scorpion stings you.
* * * LOW HITPOINT WARNING * * *
Robin hits you with a +0 short sword.
* * * LOW HITPOINT WARNING * * *
You scratch Robin.
Robin is moderately wounded.
The scorpion stings you.
* * * LOW HITPOINT WARNING * * *
Robin hits you with a +0 short sword.
* * * LOW HITPOINT WARNING * * *
You scratch Robin.
Robin is heavily wounded.
The scorpion stings you!
You die...

...##..#
#.......#.........#.###.
#####..#
#....................... #..#
#.................#.#### #..#
#.........#######.#.# #..#
#.........# #.#.# #####..#
#.........#######.#.# .......#
######....#.......#.# ######.#
#s)..#.#####)#.# ######.###
##@).#.# ###.# ##.......#
##g.#.# #)# .........# #..#.#
#.# .#.).....########..#.# #.#
.......##............# #.#
#########.......#..#########.#
*≈≈*** #....................#
*≈≈≈≈* #.......##############
≈≈≈≈** #...............#


You could see a scorpion and Robin.

Vanquished Creatures
  2 dart slugs (D:1)
  8 goblins
  2 hobgoblins (D:1)
  8 kobolds (D:1)
  3 bats (D:1)
  A frilled lizard (D:1)
  3 rats (D:1)
27 creatures vanquished.

Notes
Turn   | Place    | Note
-------+----------+-------------------------------------------
     0 | D:1      | YoyoCobra the Ghoul Monk began the quest for the Orb.
     0 | D:1      | Reached XP level 1. HP: 19/19 MP: 0/0
    52 | D:1      | Reached XP level 2. HP: 12/26 MP: 1/1
   585 | D:1      | Reached XP level 3. HP: 31/31 MP: 2/2
  1065 | D:2      | Noticed Robin
  1065 | D:2      | Noticed a scorpion
  1089 | D:1      | Reached skill level 4 in Unarmed Combat
  1098 | D:1      | HP: 1/31 [Robin/+0 short sword (1)]
  1099 | D:1      | Mangled by a scorpion

Illustrated notes

Levels and vault maps discovered:
D:1:      saegor_arrival_simple_e, layout_basic, lemuel_another_geyser
D:2:      layout_basic, solitary_fountain, chequers_serial_rivers_marsh,
          uniq_crazy_yiuf_cottage, uniq_robin

Skill      XL: |  1  2  3 |
---------------+----------+-----
Dodging        | 3 |  3.0
Unarmed Combat | 4 |  4.0
Fighting       | |  3.6
Stealth        | |  2.5

Action                   || total
-------------------------++-------
Melee: Unarmed           ||    73
  Use: Scroll            ||     4
 Stab: Sleeping          ||     2
Armor: Robe              ||    16
Dodge: Dodged            ||    49
